 Dungeon Crawl Stone Soup version 0.31.0-11-ge490571c62 (webtiles) character file.

Game seed: 17310138799421143

217 puppykicker the Grave Robber (level 5, -2/24 HPs)
             Began as a Vine Stalker Necromancer on Jan 27, 2024.
             Splashed by a jelly's acid (8 damage)
             ... on level 6 of the Dungeon.
             The game lasted 00:05:57 (2614 turns).

puppykicker the Grave Robber (VSNe)                 Turns: 2614, Time: 00:05:57

Health: -2/24      AC: -11   Str: 10    XL:     5   Next: 94%
Magic:  0/11       EV: 17    Int: 17    God:
Gold:   87         SH:  0    Dex: 15    Spells: 3/11 levels left

rFire   . . .        a - +0 short sword
rCold   . . .        (no shield)
rNeg    + . .        l - +2 robe {rN+} {rN+}
rPois   .            (no helmet)
rElec   .            g - +0 cloak
rCorr   .            (no gloves)
SInv    .            (no boots)
Will    .....        (no amulet)
Stlth   ++           c - +5 ring of evasion
HPRegen 1.04/turn    (no ring)
MPRegen 0.12/turn

%: guardian spirit
@: corroded
A: fangs 2, regeneration 1, magic shield, antimagic bite, no potion heal 2
a: no special abilities


You were on level 6 of the Dungeon.
You visited 1 branch of the dungeon, and saw 4 of its levels.

You collected 87 gold pieces.

Inventory:

Hand Weapons
 a - a +0 short sword (weapon)
Missiles
 r - 5 javelins (quivered)
Armour
 g - a +0 cloak (worn)
 l - a +2 robe of positive energy (worn) {rN+}
 m - a +2 leather armour of cold resistance {rC+}
 u - a +2 scale mail of cold resistance {rC+}
Jewellery
 c - a +5 ring of evasion (left hand)
Wands
 s - a wand of roots (3)
Scrolls
 d - 2 scrolls of poison {unknown}
 j - 2 scrolls of identify {unknown}
 k - 2 scrolls of fog {unknown}
 o - a scroll of teleportation {unknown}
 p - a scroll of brand weapon {unknown}
 v - a scroll of fear {unknown}
Potions
 b - a potion of magic
 e - 2 potions of ambrosia {unknown}
 f - a potion of enlightenment {unknown}
 h - a potion of heal wounds {unknown}
 i - a potion of haste {unknown}
 n - a potion of brilliance {unknown}
 q - 2 potions of curing {unknown}
 t - 2 potions of might {unknown}


   Skills:
 - Level 1.5 Dodging
 - Level 2.4 Stealth
 + Level 3.9 Spellcasting
 * Level 6.1 Necromancy


You had 3 spell levels left.
You knew the following spells:

 Your Spells              Type           Power      Damage    Failure   Level
a - Necrotise             Necr           96%        1d8       1%          1
v - Vampiric Draining     Necr           24%        2d7       3%          3
z - Animate Dead          Necr           24%        N/A       13%         4

Your spell library contained the following spells:

 Spells                   Type           Power      Damage    Failure   Level
 Ozocubu's Armour         Ice            3%         N/A       43%         3
 Curse of Agony           Necr           24%        N/A       34%         5
 Metabolic Englaciation   Hex/Ice        1%         N/A       99%         5
 Sculpt Simulacrum        Ice/Alch       1%         N/A       100%        6


Dungeon Overview and Level Annotations

Branches:
Dungeon (3/15)

Altars:
Cheibriados
Qazlal

Shops:
D:1 *


Innate Abilities, Weirdness & Mutations

You have extremely sharp teeth.
Your natural rate of healing is unusually fast.
When hurt, damage is shared between your health and your magic reserves.
Your bite disrupts and absorbs the magic of your enemies.
Potions cannot restore your health.


Message History

MASSIVE DAMAGE!!
You now have 5/11 mp.
You hit the jelly but do no damage.
Your hands burn!
* * * LOW HITPOINT WARNING * * *
You bite the jelly. You drain its power.
You feel invigorated.
The jelly is severely wounded.
The jelly closely misses you.
You take 2 damage, and have 8/24 hp.
You hit the jelly but do no damage.
Your hands burn!
* * * LOW HITPOINT WARNING * * *
The jelly is severely wounded.
The jelly barely misses you.
You take 1 damage, and have 7/24 hp.
Unknown command.
You hit the jelly but do no damage.
Your hands burn!
You bite the jelly, but do no damage.
The jelly is heavily wounded.
The jelly completely misses you.
You now have 4/11 mp.
Unknown command.
You hit the jelly but do no damage. The acid corrodes you!
Your hands burn!
* * * LOW HITPOINT WARNING * * *
The jelly is heavily wounded.
The jelly barely misses you.
Unknown command.
You hit the jelly but do no damage. The acid corrodes you!
Your hands burn!
* * * LOW MAGIC WARNING * * *;
* * * LOW HITPOINT WARNING * * *
The jelly is heavily wounded.
The jelly completely misses you.
You now have 3/11 mp.
Unknown command.
You hit the jelly but do no damage.
Your hands burn!
* * * LOW MAGIC WARNING * * *;
* * * LOW HITPOINT WARNING * * *
You bite the jelly, but do no damage.
The jelly is heavily wounded.
The jelly hits you.
* * * LOW HITPOINT WARNING * * *
The acid corrodes you!
You are splashed with acid!
* * * LOW MAGIC WARNING * * *
You die...

########
###......##
##.........##
#...........#
#...........#
#...J@......#
#..........##
#.......#####
#.####### #.
.


You could see a jelly.

Levels and vault maps discovered:
D:1:      dpeg_arrival_orchard, layout_basic, nicolae_ecumenical_snake_handling,
          serial_shops, shop, minmay_misc_feat_four_crosses
D:2:      layout_loops_corners, minmay_misc_feat_encased, uniq_jessica
D:3:      layout_basic, mainiacjoe_overflow_catwalk, old_standard_altar,
          uniq_terence, uniq_ijyb
D:6:      layout_cave_pods, minmay_temple_entry_mist, grunt_ministairs_5

Notes
Turn   | Place    | Note
-------+----------+-------------------------------------------
     0 | D:1      | puppykicker the Vine Stalker Necromancer began the quest
                  | for the Orb.
     0 | D:1      | Reached XP level 1. HP: 9/9 MP: 4/4
     5 | D:1      | Identified a +5 ring of evasion
    21 | D:1      | Identified a +0 club
   167 | D:1      | Identified a +0 cloak
   296 | D:1      | Reached XP level 2. HP: 13/13 MP: 0/6
   363 | D:1      | Found a faded altar of an unknown god.
   390 | D:1      | Identified a +0 dagger
   564 | D:1      | Identified a +0 club
   669 | D:1      | Identified a +0 club
   833 | D:1      | Found Kitoun's Assorted Antiques.
   915 | D:2      | Identified a +0 robe
   939 | D:2      | Identified a +0 hand axe
   978 | D:2      | Identified a +0 dagger
   983 | D:2      | Reached XP level 3. HP: 16/16 MP: 8/8
   991 | D:2      | Identified a +0 club
  1113 | D:2      | Identified a +0 dagger
  1113 | D:2      | Identified a +2 robe of positive energy
  1113 | D:2      | Noticed Jessica
  1120 | D:2      | Killed Jessica
  1121 | D:2      | Reached skill level 3 in Spellcasting
  1121 | D:2      | Reached skill level 5 in Necromancy
  1121 | D:2      | Reached XP level 4. HP: 11/21 MP: 0/9
  1215 | D:2      | Identified a +2 leather armour of cold resistance
  1481 | D:2      | Identified a +0 club
  1617 | D:2      | Identified a +0 short sword
  1655 | D:2      | Identified a +0 dagger
  1872 | D:2      | Reached XP level 5. HP: 24/24 MP: 6/11
  1919 | D:2      | Learned a level 3 spell: Vampiric Draining
  1924 | D:2      | Learned a level 4 spell: Animate Dead
  2290 | D:3      | Identified a +0 short sword
  2291 | D:3      | Found a snail-covered altar of Cheibriados.
  2343 | D:3      | Identified a +0 club
  2343 | D:3      | Identified a +0 ring mail
  2343 | D:3      | Noticed Ijyb
  2380 | D:3      | Killed Ijyb
  2462 | D:3      | Found a stormy altar of Qazlal.
  2513 | D:3      | Identified a +0 short sword
  2519 | D:3      | Reached skill level 6 in Necromancy
  2539 | D:3      | Identified a +0 mace
  2539 | D:3      | Identified a +2 scale mail of cold resistance
  2539 | D:3      | Noticed Terence
  2544 | D:3      | Killed Terence
  2581 | D:3      | Identified a +1 antimagic dagger
  2597 | D:3      | Identified a +0 whip
  2597 | D:3      | You fall into a shaft and drop 3 floors!
  2610 | D:6      | HP: 6/24 [acid (2)]
  2614 | D:6      | Splashed by a jelly's acid

Table legend: (Time is in decaauts)
 A = Elapsed time spent in this place.
 B = Non-inter-level travel time spent in this place.
 C = Inter-level travel time spent in this place.
 D = Time resting spent in this place.
 E = Time spent auto-exploring this place.
 F = Levels seen in this place.
 G = Mean time per level.
                   A        B        C        D        E       F      G
               +--------+--------+--------+--------+--------+-----+--------+
         Total |   2612 |   2549 |     63 |    534 |   1492 |   4 |  653.0 |
       Dungeon |   2612 |   2549 |     63 |    534 |   1492 |   4 |  653.0 |
               +--------+--------+--------+--------+--------+-----+--------+

Top non-repeatable levels by time:
     D:2: 1267 daAuts
     D:1: 892 daAuts
     D:3: 436 daAuts
     D:6: 16 daAuts

Table legend:
 A = Kills in this place as a percentage of kills in the entire game.
 B = Kills by you in this place as a percentage of kills by you in the entire game.
 C = Kills by friends in this place as a percentage of kills by friends in the entire game.
 D = Other kills in this place as a percentage of other kills in the entire game.
 E = Experience gained in this place as a percentage of experience gained in the entire game.
 F = Experience gained in this place divided by the number of levels of this place that you have seen.
                   A       B       C       D       E      F
               +-------+-------+-------+-------+-------+----------------------
         Total | 100.0 | 100.0 | 100.0 |   N/A | 100.0 |  77.5
       Dungeon | 100.0 | 100.0 | 100.0 |   N/A | 100.0 |  77.5
               +-------+-------+-------+-------+-------+----------------------

Skill      XL: |  1  2  3  4  5 |
---------------+----------------+-----
Spellcasting   | 3 |  3.9
Necromancy     | 5 6 |  6.1
Dodging        | |  1.5
Stealth        | |  2.4

Action                     |  1- 3 |  4- 6 || total
---------------------------+-------+-------++-------
  Melee: Unarmed           |    12 |       ||    12
         Bite              |    13 |    29 ||    42
         Punch             |     2 |     2 ||     4
         Dagger            |    17 |    31 ||    48
         Short sword       |       |    77 ||    77
  Throw: Javelin           |       |     1 ||     1
   Cast: Necrotise         |    32 |    46 ||    78
         Animate Dead      |       |     1 ||     1
   Stab: Sleeping          |     3 |     1 ||     4
 Armour: Robe              |    10 |    50 ||    60
  Dodge: Dodged            |    25 |   108 ||   133

Vanquished Creatures
  Jessica (D:2)
  Ijyb (D:3)
  Terence (D:3)
  6 adders
  A dart slug (D:2)
  A ribbon worm (D:2)
  7 endoplasms
  A giant cockroach (D:2)
  6 hobgoblins
  3 jackals (D:3)
  3 quokkas
  8 ball pythons
  A bat (D:3)
  2 frilled lizards
  5 goblins
  6 kobolds
  2 rats (D:3)
55 creatures vanquished.

Vanquished Creatures (collateral kills)
  A bombardier beetle (D:3)
  A bat (D:1)
  An endoplasm (D:1)
3 creatures vanquished.

Vanquished Creatures (others)
  An adder zombie (D:3)
  A hobgoblin zombie (D:3)
2 creatures vanquished.

Grand Total: 60 creatures vanquished
